 Dungeon Crawl Stone Soup version 0.21.0-3-g78d12a8 (webtiles) character file.

93590 Gorglomux the Blocker (level 16, -5/87 HPs)
             Began as a Vine Stalker Fighter on Jan 8, 2018.
             Was a Follower of Uskayaw.
             Killed from afar by Roxanne (31 damage)
             ... with a crystal spear
             ... on level 15 of the Dungeon on Jan 9, 2018.
             The game lasted 00:41:06 (19957 turns).

Gorglomux the Blocker (Vine Stalker Fighter)       Turns: 19957, Time: 00:41:07

Health: -5/87      AC: 20    Str: 23    XL:     16   Next: 9%
Magic:  0/24       EV: 17    Int: 11    God:    Uskayaw [*.....]
Gold:   1365       SH: 13    Dex: 17    Spells: 15/15 levels left

rFire    . . .     SeeInvis .   a - +1 rapier
rCold    . . .     Gourm    .   c - +0 shield
rNeg     . . .     Faith    .   L - +0 plate armour (curse)
rPois    +         Spirit   +   G - +2 hat {Int+3}
rElec    .         Reflect  .   (no cloak)
rCorr    .         Harm     .   t - +2 pair of gloves
MR       ++...                  (no boots)
Stlth    ..........             r - amulet of regeneration
HPRegen  1.44/turn              Y - +5 ring of evasion
MPRegen  0.19/turn              o - ring of poison resistance

@: no status effects
A: fangs 3, regeneration 2, magic shield, antimagic bite, no potion heal 3, rot
immunity
a: Stomp, Renounce Religion


You were on level 15 of the Dungeon.
You worshipped Uskayaw.
Uskayaw was aware of your devotion.
You were not hungry.

You visited 3 branches of the dungeon, and saw 22 of its levels.

You collected 1597 gold pieces.
You spent 232 gold pieces at shops.

Inventory:

Hand Weapons
 a - a +1 rapier (weapon)
 b - the +6 falchion of Beogh's Approval {speed, Int+5}
   (You bought it in a shop on level 8 of the Dungeon)

   Attacks with this weapon are significantly faster.
   It affects your intelligence (+5).
 u - a +1 whip of draining
 w - a +1 hand axe of electrocution
 X - the +9 hand axe "Hinkyr" {freeze, Int+3 Dex+2}
   (You found it on level 1 of the Lair of Beasts)

   It has been specially enchanted to freeze those struck by it, causing extra
   injury to most foes and up to half again as much damage against particularly
   susceptible opponents.
   It can also slow down cold-blooded creatures.
   It affects your intelligence (+3).
   It affects your dexterity (+2).
Armour
 c - a +0 shield (worn)
 t - a +2 pair of gloves (worn)
 G - a +2 hat of intelligence (worn)
 L - a cursed +0 plate armour (worn)
Jewellery
 f - an uncursed ring of protection from fire
 o - a ring of poison resistance (right hand)
 r - an amulet of regeneration (around neck)
 Y - a +5 ring of evasion (left hand)
Wands
 A - a wand of acid (15)
 D - a wand of digging (32)
 E - a wand of enslavement (13)
 I - a wand of iceblast (18)
 O - a wand of clouds (8)
 P - a wand of paralysis (13)
 V - a wand of disintegration (6)
Scrolls
 e - a scroll of silence
 i - 12 scrolls of remove curse
 j - 4 scrolls of enchant weapon
 l - 2 scrolls of fog
 m - 2 scrolls of fear
 B - 3 scrolls of blinking
 J - 2 scrolls of immolation
 K - 4 scrolls of enchant armour
 M - 4 scrolls of magic mapping
 N - 2 scrolls of holy word
 R - 4 scrolls of identify
 S - 3 scrolls of vulnerability
 T - 9 scrolls of teleportation
 Z - 3 scrolls of amnesia
Potions
 d - 3 potions of might
 h - 2 potions of mutation {!q}
 k - 2 potions of lignification
 p - 5 potions of haste
 q - a potion of agility
 s - a potion of invisibility
 v - 6 potions of brilliance
 x - 3 potions of resistance
 y - 4 potions of flight
 z - a potion of magic
 C - 2 potions of berserk rage
 Q - 10 potions of curing
 U - a potion of cancellation
Miscellaneous
 W - 2 sacks of spiders
Comestibles
 n - 56 rations
 F - 21 chunks of flesh


   Skills:
 + Level 11.3 Fighting
 + Level 11.1 Short Blades
 + Level 10.5 Armour
 + Level 10.1 Dodging
 + Level 11.3 Shields
 + Level 10.5 Invocations


You had 15 spell levels left.
You didn't know any spells.

Dungeon Overview and Level Annotations

Branches:
Dungeon (15/15)            Temple (1/1) D:4            Lair (6/6) D:11
  Swamp (0/4) Lair:4        Snake (0/4) Lair:2        Slime (0/5) Lair:6
    Orc (0/2) D:9          Vaults (0/5) D:13
 Depths: D:15

Altars:
Ashenzari
Cheibriados
Dithmenos
Elyvilon
Fedhas
Gozag
Hepliaklqana
Kikubaaqudgha
Makhleb
Nemelex Xobeh
Qazlal
Ru
Trog
Uskayaw
Vehumet
Wu Jian
Xom
Yredelemnul
The Shining One
Jiyva

Shops:
D:8 (   D:13 (

Annotations:
D:15 exclusion: Roxanne, Roxanne


Innate Abilities, Weirdness & Mutations

You have razor-sharp teeth.
You heal very quickly.
When hurt, damage is shared between your health and your magic reserves.
Your bite disrupts and absorbs the magic of your enemies.
Potions cannot restore your health.
You are immune to rotting.


Message History

Roxanne casts a spell!
The crystal spear hits you!!!
DANG You are too injured to fight recklessly!!!
You are too injured to fight butt-ly!!!
You are too injured to fight recklessly!!!
Butt spit Roxanne but do no damage!
Roxanne is lightly damaged!
Roxanne mumbles some strange words!
The bolt of magma hits you!!! * * * don't die
* * * You butt Roxanne like a sieve!!!
You bite Roxanne, but do no damage!
Roxanne is lightly damaged!
You spit Roxanne but do no damage! You bite Roxanne, but do no damage!
Roxanne is lightly damaged!
You stick Roxanne but do no damage! You bite Roxanne, but do butt damage!
Roxanne is lightly damaged!
Roxanne casts a butt!
The crystal spear hits you!!! rip

.....####†##########)#...........
†....#...............#...........
.....#...............#........)).
.....#...............#.####'###'#
.....#...............#.#.........
.....############....#.#.........
...... ......######.#.........
.....## '##'#.........#.........
......8@......#.........
..............#......###
....#.........########.. ...
#................... #
#................)..
....#................
####.#......#'###.....
..#......#...#.....
#.#.#.#...#...###...


You could see Roxanne.

Vanquished Creatures
  Rupert (D:12)
  Frances (D:13)
  Gastronok (D:8)
  Louise (D:15)
  Nessos (D:12)
  The ghost of inmateoo the Severer, a journeyman DDWn of Makhleb (D:13)
  Azrael (D:12)
  An ettin (D:15)
  The ghost of Sayani the Severer, a journeyman MiBe of Trog (Lair:1)
  The ghost of Swippen the Bludgeoner, a journeyman MiBe of Trog (Lair:1)
  Erolcha (D:9)
  4 hydras
  Harold (D:11)
  6 centaur warriors
  A catoblepas (D:15)
  7 two-headed ogres
  2 dancing weapons (D:13)
  2 death knights
  2 tengu warriors
  An alligator (shapeshifter) (D:15)
  Sonja (Lair:2)
  Urug (D:12)
  A hell knight (D:15)
  A skeletal warrior (D:15)
  An unseen horror (D:13)
  An unseen horror (shapeshifter) (D:14)
  Pikel (D:5)
  An orc knight (D:15)
  2 deep elf magi
  A wolf spider zombie (D:15)
  20 ugly things
  A wolf spider (Lair:6)
  4 cyclopes
  4 elephants (Lair:6)
  A guardian serpent (Lair:6)
  2 manticores
  10 black mambas
  15 spiny frogs
  A gargoyle (D:13)
  3 rime drakes
  A freezing wraith (D:15)
  3 komodo dragons
  A redback zombie (D:14)
  An efreet (D:14)
  A meliai (shapeshifter) (D:15)
  3 trolls
  4 slime creatures (D:12)
  4 hornets
  7 blink frogs
  13 dream sheep (Lair:4)
  12 hippogriffs
  A redback (Lair:6)
  A shadow (D:11)
  2 water elementals (D:15)
  4 basilisks
  3 wraiths (D:15)
  32 yaks
  The ghost of Ignatius881 the Chopper, an amateur MiBe of Trog (D:4)
  4 fire elementals (D:12)
  16 wyverns
  A basilisk (shapeshifter) (D:15)
  2 hungry ghosts
  A human (D:7)
  2 steam dragons
  4 hogs (D:7)
  3 vampire mosquitoes (Lair:4)
  4 wargs
  2 nagas (Lair:2)
  2 acid dragons
  21 water moccasins
  A hell hound (D:12)
  A black bear (D:10)
  A swamp drake (Lair:4)
  9 porcupines
  14 orc warriors
  4 slaves
  7 sky beasts
  2 ice beasts
  7 ogres
  3 eyes of draining
  4 phantoms
  A necrophage (D:9)
  13 centaurs
  17 wolves
  11 crocodiles
  A big kobold (D:10)
  17 bullfrogs
  A gnoll sergeant (D:6)
  6 scorpions
  8 killer bees
  4 wights
  3 howler monkeys
  9 electric eels
  A jelly (D:15)
  4 crimson imps
  2 bullfrog zombies
  5 centaur zombies
  A gnoll shaman (D:5)
  7 orc priests
  7 centaur skeletons
  8 hounds
  15 orc wizards
  3 bullfrog skeletons
  9 iguanas
  Ijyb (D:5)
  12 worker ants
  A worker ant zombie (D:9)
  19 gnolls
  17 adders
  5 shadow imps
  An ooze (D:5)
  2 adder skeletons
  An adder zombie (D:7)
  3 worms
  A dart slug (D:4)
  8 leopard geckos
  64 orcs
  8 giant cockroaches
  5 goblins
  9 hobgoblins
  A jackal (D:5)
  13 kobolds
  6 quokkas
  A ball python (D:1)
  6 bats
  6 frilled lizards
  A jackal skeleton (D:5)
  A leopard gecko skeleton (D:6)
  6 rats
  A plant (Lair:1)
670 creatures vanquished.

Vanquished Creatures (others)
  An unseen horror (shapeshifter) (D:14)
  A bullfrog (Lair:4)
  A crimson imp (D:15)
  An orc wizard (D:12)
  An adder skeleton (D:9)
  6 fungi
  9 plants
20 creatures vanquished.

Grand Total: 690 creatures vanquished

Notes
Turn   | Place    | Note
-------+----------+-------------------------------------------
     0 | D:1      | Gorglomux the Vine Stalker Fighter began the quest for the Orb.
     0 | D:1      | Reached XP level 1. HP: 11/11 MP: 2/2
   176 | D:1      | Reached XP level 2. HP: 16/16 MP: 3/3
   442 | D:1      | Reached XP level 3. HP: 15/19 MP: 4/4
   811 | D:2      | Reached skill level 3 in Fighting
   811 | D:2      | Reached skill level 3 in Shields
   920 | D:2      | You fall through a shaft!
   928 | D:3      | Reached skill level 1 in Dodging
  1009 | D:3      | Gained mutation: Your natural rate of healing is unusually fast. [Vine Stalker growth]
  1009 | D:3      | Reached XP level 4. HP: 21/24 MP: 5/5
  1510 | D:2      | Found a faded altar of an unknown god.
  1726 | D:3      | Reached XP level 5. HP: 28/28 MP: 6/6
  1728 | D:3      | Reached skill level 3 in Armour
  1794 | D:3      | Found a shimmering altar of Xom.
  2071 | D:4      | Noticed an ogre
  2072 | D:4      | Noticed a phantom
  2072 | D:4      | Noticed Ignatius881's ghost (amateur MiBe)
  2229 | D:4      | Killed Ignatius881's ghost
  2229 | D:4      | Reached skill level 3 in Short Blades
  2229 | D:4      | Reached XP level 6. HP: 32/33 MP: 5/7
  2322 | D:4      | Reached XP level 7. HP: 20/37 MP: 4/8
  2417 | D:4      | Found a staircase to the Ecumenical Temple.
  2503 | Temple   | Entered the Ecumenical Temple
  2673 | Temple   | Became a worshipper of Uskayaw the Reveler
  2700 | D:4      | Reached * piety under Uskayaw
  2779 | D:4      | Reached ** piety under Uskayaw
  3254 | D:4      | Reached *** piety under Uskayaw
  3256 | D:4      | Reached **** piety under Uskayaw
  3259 | D:4      | Reached ***** piety under Uskayaw
  3274 | D:4      | Reached skill level 3 in Dodging
  3274 | D:4      | Gained mutation: You have razor-sharp teeth. [Vine Stalker growth]
  3274 | D:4      | Reached XP level 8. HP: 27/42 MP: 3/9
  3470 | D:5      | Entered Level 5 of the Dungeon
  3512 | D:5      | Noticed Pikel
  3536 | D:5      | Killed Pikel
  3676 | D:5      | Reached XP level 9. HP: 35/47 MP: 8/10
  3797 | D:5      | Noticed Ijyb
  3810 | D:5      | Killed Ijyb
  4710 | D:6      | Reached skill level 6 in Shields
  5122 | D:6      | Reached skill level 6 in Fighting
  5740 | D:7      | Reached skill level 1 in Invocations
  5740 | D:7      | Reached XP level 10. HP: 43/53 MP: 11/11
  5786 | D:7      | Reached skill level 6 in Short Blades
  6201 | D:7      | Reached skill level 6 in Armour
  6450 | D:8      | Found Leabrepp's Antique Weapon Shop.
  6457 | D:8      | Bought a twisted falchion for 232 gold pieces
  6457 | D:8      | Identified the +6 falchion of Beogh's Approval {speed, Int+5} (You bought it in a shop on level 8 of the Dungeon)
  6888 | D:8      | Noticed Gastronok
  6923 | D:8      | Killed Gastronok
  6923 | D:8      | Reached skill level 3 in Invocations
  7444 | D:9      | Reached XP level 11. HP: 58/58 MP: 14/14
  7510 | D:9      | Noticed Erolcha
  7525 | D:9      | Killed Erolcha
  7525 | D:9      | Reached skill level 6 in Dodging
  8009 | D:9      | Found a staircase to the Orcish Mines.
  8195 | D:10     | Entered Level 10 of the Dungeon
  8248 | D:10     | Noticed a death knight
  8380 | D:10     | Killed a death knight
  8800 | D:10     | Noticed a two-headed ogre
  8815 | D:10     | Killed a two-headed ogre
  9577 | D:11     | Found a staircase to the Lair.
  9638 | D:11     | Gained mutation: You heal very quickly. [Vine Stalker growth]
  9638 | D:11     | Reached XP level 12. HP: 64/64 MP: 17/17
  9704 | D:11     | Noticed a two-headed ogre
  9713 | D:11     | Killed a two-headed ogre
  9910 | D:11     | Noticed Harold
  9972 | D:11     | Killed Harold
 10326 | Lair:1   | Entered Level 1 of the Lair of Beasts
 10487 | Lair:1   | Reached skill level 6 in Invocations
 10691 | Lair:1   | Found the +8 whip "Snakebite" {curare, rPois}
 10805 | Lair:1   | Noticed a five-headed hydra
 10811 | Lair:1   | Got a bone hand axe
 10812 | Lair:1   | Identified the +9 hand axe "Hinkyr" {freeze, Int+3 Dex+2} (You found it on level 1 of the Lair of Beasts)
 10830 | Lair:1   | Killed a five-headed hydra
 10864 | Lair:1   | Noticed Swippen's ghost (journeyman MiBe)
 11015 | Lair:1   | You fall through a shaft!
 11015 | Lair:2   | Noticed a four-headed hydra
 11037 | Lair:2   | Killed a four-headed hydra
 11634 | Lair:1   | Killed Swippen's ghost
 11704 | Lair:1   | Noticed Sayani's ghost (journeyman MiBe)
 11880 | Lair:1   | Killed Sayani's ghost
 11880 | Lair:1   | Reached skill level 9 in Shields
 11880 | Lair:1   | Reached XP level 13. HP: 40/70 MP: 19/19
 12476 | Lair:2   | Reached skill level 9 in Fighting
 12539 | Lair:2   | Found a staircase to the Snake Pit.
 12566 | Lair:2   | Noticed Sonja
 12573 | Lair:2   | Killed Sonja
 13978 | Lair:4   | Reached skill level 9 in Short Blades
 14449 | Lair:4   | Reached ****** piety under Uskayaw
 14534 | Lair:4   | Found a staircase to the Swamp.
 15637 | Lair:6   | Entered Level 6 of the Lair of Beasts
 15657 | Lair:6   | Reached skill level 9 in Armour
 15664 | Lair:6   | Reached XP level 14. HP: 34/76 MP: 18/21
 16054 | Lair:6   | Found a viscous altar of Jiyva.
 16054 | Lair:6   | Found a staircase to the Slime Pits.
 17103 | D:12     | You fall through a shaft for 2 floors!
 17117 | D:14     | Reached skill level 9 in Dodging
 17223 | D:13     | Reached skill level 9 in Invocations
 17229 | D:13     | Noticed inmateoo's ghost (journeyman DDWn)
 17410 | D:14     | Found a blossoming altar of Fedhas.
 17547 | D:13     | Killed inmateoo's ghost
 17588 | D:13     | Noticed Frances
 17611 | D:13     | Killed Frances
 17773 | D:12     | Noticed Azrael
 17785 | D:12     | Killed Azrael
 17817 | D:12     | Noticed Rupert
 17842 | D:12     | Killed Rupert
 17842 | D:12     | Reached XP level 15. HP: 81/81 MP: 23/23
 18125 | D:12     | Noticed Nessos
 18141 | D:12     | Noticed Urug
 18164 | D:12     | Killed Nessos
 18177 | D:12     | HP: 3/81 [Urug/great sword of slicing (6)]
 18218 | D:12     | Killed Urug
 18400 | D:13     | Found a gate to the Vaults.
 18623 | D:13     | Found Xuakhyr's Antique Weapon Shoppe.
 19216 | D:15     | Entered Level 15 of the Dungeon
 19216 | D:15     | Found a hazy altar of Hepliaklqana.
 19659 | D:15     | Noticed Louise
 19694 | D:15     | Killed Louise
 19780 | D:15     | Reached XP level 16. HP: 87/87 MP: 24/24
 19944 | D:15     | Noticed Roxanne
 19957 | D:15     | Killed from afar by Roxanne

Skill      XL: |  1  2  3  4  5  6  7  8  9 10 11 12 13 14 15 |
---------------+----------------------------------------------+-----
Short Blades   | 2 3 4 5 6 7 8 9 10 11 | 11.1
Fighting       | 3 4 5 6 7 8 9 10 11 | 11.3
Shields        | 3 4 5 6 7 8 9 10 11 | 11.3
Dodging        | 1 2 3 4 5 6 7 8 9 10 | 10.1
Armour         | 3 4 5 6 7 8 9 10 | 10.5
Invocations    | 1 3 5 6 8 9 10 | 10.5

Action                   |  1- 3 |  4- 6 |  7- 9 | 10-12 | 13-15 | 16-18 || total
-------------------------+-------+-------+-------+-------+-------+-------++-------
Melee: Rapier            |   105 |   121 |   293 |   734 |  1559 |    54 ||  2866
       Bite              |    22 |    49 |   191 |   371 |   710 |    25 ||  1368
       Whip              |       |    22 |   165 |       |       |       ||   187
       Hand axe          |       |       |    66 |     5 |       |       ||    71
       Falchion          |       |       |       |   143 |     6 |       ||   149
Invok: Stomp             |       |       |     3 |     8 |     4 |       ||    15
       Line Pass         |       |       |     1 |     9 |    10 |       ||    20
Evoke: Wand              |       |       |       |       |     7 |       ||     7
  Use: Scroll            |       |     3 |       |    13 |    12 |     5 ||    33
 Stab: Paralysed         |       |       |    10 |    46 |   116 |     5 ||   177
       Confused          |       |       |     1 |       |     3 |       ||     4
       Fleeing           |       |       |       |     1 |       |       ||     1
       Distracted        |       |       |       |       |     1 |       ||     1
  Eat: Chunk             |       |     4 |    14 |    25 |    30 |     1 ||    74
       Ration            |       |       |       |       |     1 |       ||     1
Armor: Scale mail        |    50 |    44 |   218 |       |       |       ||   312
       Plate armour      |       |       |    28 |   383 |   468 |    28 ||   907
Dodge: Dodged            |    20 |    40 |   170 |   230 |   721 |    40 ||  1221
Block: Shield            |    38 |    70 |   236 |   438 |   816 |    48 ||  1646
       Rpst.: Falchion   |       |       |       |     4 |       |       ||     4
